 Dungeon Crawl Stone Soup version 0.21.1 (webtiles) character file.

499606 yogidapunk the Slingshot (level 23, -16/222 (225) HPs)
             Began as a Centaur Hunter on Feb 2, 2018.
             Was an Elder of Okawaru.
             Demolished by an acid blob (28 damage)
             ... created by the Royal Jelly
             ... on level 5 of the Pits of Slime.
             The game lasted 03:54:47 (84153 turns).

yogidapunk the Slingshot (Centaur Hunter)          Turns: 84153, Time: 03:54:48

HP:   -16/222 (225) AC: 15    Str: 22 (23) XL:     23   Next: 73%
MP:   29/29         EV: 19    Int:  5      God:    Okawaru [****..]
Gold: 3475          SH: 15    Dex: 11 (12) Spells: 7/22 levels left

rFire    + + .     SeeInvis +   x - +6 fustibalus of the Tiger {flame, +Inv Dex+4 Stlth+}
rCold    + + +     Gourm    +   c - +1 shield of Pantheism {-Cast rC+++ rN+++ Dex-5}
rNeg     + + +     Faith    .   (no armour)
rPois    +         Spirit   .   L - -2 hat of the Alchemist {rElec rPois rF+ rC+ rN+ MR+ rMut rCorr}
rElec    +         Reflect  .   e - +2 cloak
rCorr    +         Harm     .   z - +2 pair of gloves
rMut     +         Clarity  +   S - +5 centaur barding "Tunusahy" {rC+ rN+ Int-5}
MR       ++++.     NoCast   +   V - amulet "Akloech" {Gourm MR+ Dex+3 SInv}
Stlth    +++.......             l - ring of protection from magic
HPRegen  0.47/turn              G - +4 ring of evasion
MPRegen  0.21/turn

@: heroism, corroded, hasted, very quick
A: large, hooves 3, horns 1, clarity, deformed body, deterioration 1, fire
resistance 1, speed 2, tough skin 3, weak 1
}: 3/15 runes: decaying, silver, gossamer
a: Heroism, Renounce Religion, Evoke Invisibility


You were on level 5 of the Pits of Slime.
You worshipped Okawaru.
Okawaru was greatly pleased with you.
You were not hungry.

You visited 9 branches of the dungeon, and saw 45 of its levels.
You visited the Abyss 1 time.
You also visited: Labyrinth, Ice Cave and Desolation.

You collected 5663 gold pieces.
You spent 2188 gold pieces at shops.

Inventory:

Hand Weapons
 b - the +11 demon whip "Liosk" {drain, +Blink}
   (You took it off a deep elf death mage on level 3 of the Elven Halls)

   A truly terrible weapon, it drains the life of those it strikes.
   It lets you blink.
 x - the +6 fustibalus of the Tiger (weapon) {flame, +Inv Dex+4 Stlth+}
   (Okawaru gifted it to you on level 4 of the Vaults)

   It causes projectiles fired from it to burn those they strike, causing extra
   injury to most foes and up to half again as much damage against particularly
   susceptible opponents.
   It affects your dexterity (+4).
   It lets you turn invisible.
   It makes you more stealthy.
 Y - a +7 longbow of flaming
Missiles
 d - 1152 arrows
 y - 6 stones (quivered)
 O - 334 sling bullets
Armour
 c - the +1 shield of Pantheism (worn) {-Cast rC+++ rN+++ Dex-5}
   (Okawaru gifted it to you on level 3 of the Lair of Beasts)

   It affects your dexterity (-5).
   It renders you almost immune to cold.
   It renders you almost immune to negative energy.
   It prevents spellcasting.
 e - a +2 cloak (worn)
 i - a scarf of cloud immunity
 z - a +2 pair of gloves (worn)
 L - the -2 hat of the Alchemist (worn) {rElec rPois rF+ rC+ rN+ MR+ rMut rCorr}
   (You acquired it in an ice cave)

   It protects you from fire.
   It protects you from cold.
   It insulates you from electricity.
   It protects you from poison.
   It protects you from negative energy.
   It affects your resistance to hostile enchantments.
   It protects you from acid and corrosion.
   It protects you from mutation.
 S - the +5 centaur barding "Tunusahy" (worn) {rC+ rN+ Int-5}
   (Okawaru gifted it to you on level 10 of the Dungeon)

   It affects your intelligence (-5).
   It protects you from cold.
   It protects you from negative energy.
Jewellery
 l - a ring of protection from magic (left hand)
 w - an uncursed ring of flight
 B - the ring "Heawkiw" {Fire rPois Dex+9}
   (You found it in the Desolation of Salt)

   [ring of fire]

   It enhances your fire magic.
   It affects your dexterity (+9).
   It protects you from fire.
   It makes you vulnerable to cold.
   It protects you from poison.
 D - an uncursed ring of teleportation
 G - a +4 ring of evasion (right hand)
 K - an uncursed ring of protection from fire
 V - the amulet "Akloech" (around neck) {Gourm MR+ Dex+3 SInv}
   (You took it off an orc knight on level 5 of the Vaults)

   [amulet of the gourmand]

   It allows you to eat raw meat even when not hungry.
   It affects your dexterity (+3).
   It affects your resistance to hostile enchantments.
   It lets you see invisible.
Wands
 U - a wand of disintegration (32)
 X - a wand of digging (24)
Scrolls
 m - 13 scrolls of remove curse
 n - 13 scrolls of magic mapping
 v - 4 scrolls of teleportation
 N - 2 scrolls of fear
 P - 6 scrolls of fog
 W - 2 scrolls of silence
Potions
 o - 3 potions of agility
 q - 6 potions of berserk rage
 s - 3 potions of invisibility
 u - 17 potions of curing
 C - a potion of cancellation
 E - a potion of resistance
 I - a potion of haste
 M - 5 potions of flight
Miscellaneous
 g - a phial of floods
 r - 2 sacks of spiders
 F - a phantom mirror
Comestibles
 f - 28 rations


   Skills:
 - Level 22.6(27) Fighting
 + Level 24.0(27) Slings
 - Level 16.7(21.7) Bows
 - Level 9.6(14.6) Armour
 - Level 9.3(14.3) Dodging
 - Level 0.4(5.4) Stealth
 - Level 12.1(17.1) Shields
 - Level 3.3 Necromancy
 - Level 8.3 Invocations
 - Level 6.0 Evocations


You had 7 spell levels left.
You knew the following spells:

 Your Spells              Type           Power        Failure   Level  Hunger
a - Apportation           Tloc           #.....       47%         1    ##.....
b - Confuse               Hex            #.......     85%         3    ####...
c - Summon Small Mammal   Summ           #...         47%         1    ##.....
d - Animate Skeleton      Necr           N/A          14%         1    ##.....
e - Summon Butterflies    Summ           #.......     47%         1    ##.....
f - Ozocubu's Armour      Chrm/Ice       #.......     85%         3    ####...
g - Swiftness             Chrm/Air       #.......     63%         2    ###....
h - Regeneration          Chrm/Necr      #.........   63%         3    ####...


Dungeon Overview and Level Annotations

Branches:
Dungeon (15/15)            Temple (1/1) D:4            Lair (6/6) D:9
  Swamp (4/4) Lair:4       Spider (4/4) Lair:4        Slime (5/5) Lair:6
    Orc (2/2) D:12            Elf (3/3) Orc:2        Vaults (5/5) D:13
  Crypt (0/3) Vaults:2     Depths (0/5) D:15

Altars:
Ashenzari
Cheibriados
Dithmenos
Elyvilon
Fedhas
Gozag
Hepliaklqana
Kikubaaqudgha
Makhleb
Nemelex Xobeh
Okawaru
Qazlal
Ru
Sif Muna
Trog
Uskayaw
Vehumet
Wu Jian
Xom
Yredelemnul
Zin
The Shining One
Beogh
Jiyva

Shops:
D:4 =   D:11 }   D:14 [   Orc:1 ?   Orc:2 ([[[   Elf:1 %[*   Vaults:1 !
Vaults:2 (   Vaults:3 (

Annotations:
Slime:5 Royal Jelly
Elf:1 exclusion: Roxanne, Roxanne
Elf:2 1 runed door
Vaults:1 exclusion: downstairs


Innate Abilities, Weirdness & Mutations

You have hooves in place of feet.
Armour fits poorly on your strangely shaped body.
You cover ground very quickly.
You have extremely tough skin. (AC +3)
You have a pair of small horns on your head.
You possess an exceptional clarity of mind.
Your body sometimes deteriorates upon taking damage.
Your flesh is heat resistant. (rF+)
You are weak. (Str -2)


Message History

You assume a fearsome visage.
The azure jelly resists with some effort.
The azure jelly looks frightened!
The death ooze is unaffected.
The acid blob resists with almost no effort.
The azure jelly easily resists.
The azure jelly looks frightened!
The Royal Jelly resists with almost no effort.
The acid blob resists with almost no effort.
The death ooze is unaffected.
The azure jelly looks frightened! x2
The acid blob resists with almost no effort.
The azure jelly looks frightened!
The acid blob easily resists.
The azure jelly resists with some effort.
The azure jelly looks frightened!
The acid blob resists with almost no effort. x3
The acid blob spits acid at you. The splash of acid hits you! You resist.
* * * LOW HITPOINT WARNING * * *
You are splashed with acid!
The acid burns!
You resist.
* * * LOW HITPOINT WARNING * * *
The acid blob hits you!!
You die...

#### ##.#.### ###...#..## ##
##.........###### ##.#
##............##.######
#..####.......J........#..#.#
###...#.......J................
#............JJJJ..............
##............J@JJ..............
##.............JJJ.(.............
#...............JJJJJ............
.................J(J.............
#................................
#................................
#................................
##...............................
##..............................


You could see the Royal Jelly, 7 acid blobs, 9 azure jellies and 2 death oozes.

Vanquished Creatures
  An ancient lich (Vaults:5)
  Sojobo (Vaults:4)
  Margery (Vaults:2)
  A bone dragon (Swamp:4)
  Arachne (Spider:2)
  The ghost of Alphaeus the Nimble, an adept GnMo of Cheibriados (Slime:1)
  A lich (Vaults:5)
  5 tentacled monstrosities (Vaults:5)
  Asterion (Elf:1)
  2 deep elf blademasters (Elf:2)
  2 deep elf master archers (Elf:3)
  5 titans
  28 acid blobs
  3 thorn hunters
  Frances (Spider:1)
  3 shadow dragons
  3 sphinxes
  Donald (Vaults:4)
  2 storm dragons
  15 azure jellies
  6 tengu reavers
  4 fire giants
  4 frost giants
  5 deep elf sorcerers
  3 ghost moths (Spider:4)
  3 emperor scorpions (Spider:4)
  6 deep elf elementalists
  17 ironheart preservers
  14 vault wardens
  An imperial myrmidon (Desolation)
  3 very ugly things
  2 war gargoyles
  3 entropy weavers
  11 deep elf demonologists
  5 stone giants
  A halazid warlock (Desolation)
  A dire elephant (Lair:6)
  9 deep elf annihilators
  3 spark wasps (Spider:4)
  Snorg (D:13)
  8 ettins
  11 deep elf death magi
  10 death oozes
  The ghost of WalesRoam the Destroyer, a journeyman DECj of Sif Muna (Lair:6)
  A minotaur (Lab)
  4 deep elf high priests
  2 crystal guardians (Desolation)
  A fire dragon (Vaults:1)
  6 ogre magi
  15 yaktaur captains
  5 ragged hierophants (Desolation)
  6 ice dragons
  3 small abominations (Vaults:5)
  7 great orbs of eyes
  13 servants of whispers (Desolation)
  32 vault guards
  3 rakshasas
  9 hydras
  2 catoblepae
  A ghost crab (Swamp:4)
  9 peacekeepers (Desolation)
  16 two-headed ogres
  9 centaur warriors
  4 death knights
  10 alligators
  30 dancing weapons
  A vampire mage (Vaults:2)
  5 death yaks
  A deep troll earth mage (Vaults:3)
  8 death scarabs (Spider:4)
  7 orc high priests
  18 deep elf knights
  The ghost of pomescollege the Firebug, a novice OpFE of Vehumet (D:8)
  5 hell knights (Vaults:2)
  A spectral emperor scorpion (Spider:4)
  A shadow wraith (Vaults:2)
  A skeletal warrior (Vaults:2)
  A spriggan druid (Swamp:4)
  3 flayed ghosts
  6 wizards
  11 ironbrand convokers
  2 swamp dragons
  7 glowing orange brains
  10 deep trolls
  An unseen horror (Vaults:1)
  4 spectral hydras (Swamp:4)
  A lindwurm (Lair:6)
  15 orc knights
  10 deep elf archers
  2 harpies (Vaults:3)
  2 phantasmal warriors (Swamp:4)
  4 spectral wolf spiders (Spider:4)
  10 shining eyes
  16 orb spiders
  29 wolf spiders
  A wolf spider zombie (Spider:4)
  2 necromancers (Vaults:2)
  An orb spider (shapeshifter) (Vaults:4)
  72 deep elf magi
  30 ugly things
  4 cyclopes
  5 orc sorcerers
  3 manticores
  A moth of wrath (shapeshifter) (Vaults:2)
  7 moths of wrath
  2 elephants (Lair:6)
  3 ice statues (IceCv)
  6 guardian serpents
  A black mamba (shapeshifter) (Vaults:2)
  An eye of devastation (shapeshifter) (Vaults:5)
  24 vault sentinels
  A molten gargoyle (Desolation)
  A gargoyle (D:13)
  3 eyes of devastation (Slime:5)
  A torpor snail (Lair:6)
  14 black mambas
  2 spectral redbacks (Spider:4)
  23 spiny frogs
  A yaktaur (shapeshifter) (Vaults:5)
  8 komodo dragons
  8 freezing wraiths
  4 rime drakes
  2 tengu conjurers (D:13)
  A redback zombie (Spider:4)
  A swamp worm zombie (Swamp:4)
  13 demonic crawlers
  47 yaktaurs
  An efreet (D:13)
  3 hydra zombies (Swamp:4)
  A jumping spider (shapeshifter) (Vaults:2)
  A polar bear (Lair:6)
  12 trolls
  34 jumping spiders
  6 tyrant leeches
  17 hornets
  3 jumping spider zombies (Spider:4)
  57 saltlings
  A sphinx simulacrum (Vaults:2)
  2 spectral jumping spiders (Spider:4)
  2 spectral tarantellas (Spider:4)
  A frost giant simulacrum (Vaults:3)
  128 slime creatures
  4 blink frogs (Lair:6)
  7 bog bodies
  A spectral swamp dragon (Swamp:4)
  A stone giant simulacrum (Vaults:3)
  6 alligator zombies (Swamp:4)
  8 dream sheep (Lair:6)
  A dream sheep (shapeshifter) (Vaults:4)
  9 hippogriffs
  3 tarantella zombies (Spider:4)
  2 meliai zombies
  72 redbacks
  5 vampires
  11 wyverns
  Sigmund (D:2)
  4 shadows
  An air elemental (Elf:1)
  2 water elementals
  31 yaks
  4 spriggans (Swamp:4)
  29 tarantellas
  4 basilisks
  2 wraiths (D:15)
  3 fire elementals
  18 golden eyes
  A basilisk (shapeshifter) (D:14)
  22 vampire mosquitoes
  A hungry ghost (D:9)
  7 wargs
  An acid dragon (D:14)
  16 swamp worms
  20 insubstantial wisps
  A floating eye (Slime:5)
  20 water moccasins
  A spectral hornet (Spider:4)
  10 porcupines
  41 orc warriors
  A hornet zombie (D:8)
  9 ice beasts
  2 sky beasts
  An ogre (shapeshifter) (Vaults:2)
  9 swamp drakes
  2 black bears
  3 swamp dragon zombies (Swamp:4)
  11 phantoms
  A sky beast (shapeshifter) (Vaults:5)
  24 ogres
  13 eyes of draining
  A necrophage (D:9)
  5 boggarts (Vaults:1)
  11 wolves
  16 centaurs
  5 crocodiles
  5 big kobolds
  A wyvern zombie (D:13)
  16 bullfrogs
  5 gnoll sergeants
  A water moccasin zombie (D:11)
  3 scorpions
  A human simulacrum (Vaults:1)
  6 killer bees
  4 wights (D:7)
  An electric eel (Spider:3)
  6 howler monkeys
  4 crimson imps
  A quasit (D:10)
  10 jellies
  21 orc wizards
  Crazy Yiuf (D:5)
  25 orc priests
  8 hounds
  5 centaur skeletons
  Jessica (D:2)
  3 iguanas
  6 worker ants
  2 worker ant zombies
  18 adders
  10 gnolls
  3 swamp drake zombies (Swamp:4)
  2 shadow imps
  13 white imps
  14 oozes
  An adder skeleton (D:9)
  4 worms
  3 dart slugs (D:1)
  5 leopard geckos
  88 orcs
  2 ball pythons (D:3)
  3 bats
  4 giant cockroaches
  8 goblins
  2 hobgoblins
  6 jackals (D:6)
  13 kobolds
  4 quokkas
  4 frilled lizards
  6 rats
  2 crawling corpses (Elf:3)
  A plant (Lair:6)
1979 creatures vanquished.

Vanquished Creatures (others)
  A deep elf mage (Elf:1)
  A vault sentinel (Vaults:4)
  A yaktaur (Vaults:5)
  6 insubstantial wisps (Swamp:4)
  20 fungi
  16 plants (Lair:6)
45 creatures vanquished.

Grand Total: 2024 creatures vanquished

Notes
Turn   | Place    | Note
-------+----------+-------------------------------------------
     0 | D:1      | yogidapunk the Centaur Hunter began the quest for the Orb.
     0 | D:1      | Reached XP level 1. HP: 17/17 MP: 1/1
    65 | D:1      | Reached XP level 2. HP: 24/24 MP: 2/2
   621 | D:1      | Reached XP level 3. HP: 22/29 MP: 3/3
  1499 | D:3      | HP: 1/29 [poisoned by an adder]
  2020 | D:2      | Noticed Sigmund
  2093 | D:2      | Noticed Jessica
  2097 | D:2      | Killed Jessica
  2097 | D:2      | Reached XP level 4. HP: 36/36 MP: 4/4
  2195 | D:2      | Killed Sigmund
  2195 | D:2      | Reached XP level 5. HP: 41/41 MP: 5/5
  2862 | D:3      | Reached XP level 6. HP: 48/48 MP: 6/6
  3255 | D:3      | HP: 2/48 [poisoned by an adder]
  3261 | D:3      | HP: 2/48 [poisoned by an adder]
  3266 | D:3      | HP: 2/48 [poisoned by an adder]
  4057 | D:3      | Reached skill level 10 in Bows
  4623 | D:4      | Reached XP level 7. HP: 17/55 MP: 7/7
  4891 | D:4      | Found Pularud Jank's Jewellery Shop.
  4899 | D:4      | Found a staircase to the Ecumenical Temple.
  5062 | D:5      | Entered Level 5 of the Dungeon
  6114 | D:5      | Found a runed door.
  6272 | D:5      | Gained mutation: Your spells are a little harder to cast, but a little more powerful. [potion of mutation]
  6272 | D:5      | Gained mutation: You possess an exceptional clarity of mind. [potion of mutation]
  6272 | D:5      | Gained mutation: Your flesh is heat resistant. (rF+) [potion of mutation]
  6433 | D:5      | Noticed Crazy Yiuf
  6467 | D:5      | Killed Crazy Yiuf
  6640 | Temple   | Entered the Ecumenical Temple
  6881 | Temple   | Became a worshipper of Warmaster Okawaru
  7130 | D:6      | Reached XP level 8. HP: 61/61 MP: 8/8
  7574 | D:5      | Reached * piety under Okawaru
  7579 | D:5      | Got a steaming hunting sling
  7580 | D:5      | Identified the +9 hunting sling of the Fox {venom, Str+4} (You took it off a crimson imp on level 5 of the Dungeon)
  8832 | D:7      | HP: 3/61 [centaur/uncursed spear (6)]
  9293 | D:7      | Reached skill level 15 in Bows
  9298 | D:7      | Reached ** piety under Okawaru
  9298 | D:7      | Reached XP level 9. HP: 44/67 MP: 9/9
  9524 | D:7      | Reached skill level 1 in Slings
  9574 | D:7      | Reached skill level 2 in Slings
  9577 | D:7      | Reached skill level 3 in Slings
 10079 | D:7      | Noticed a two-headed ogre
 10097 | D:7      | Killed a two-headed ogre
 10097 | D:7      | Reached skill level 6 in Slings
 10104 | D:7      | Reached *** piety under Okawaru
 10450 | D:8      | Received a gift from Okawaru
 10520 | D:8      | Reached XP level 10. HP: 73/73 MP: 12/12
 10605 | D:8      | Noticed pomescollege's ghost (novice OpFE)
 10645 | D:8      | Killed pomescollege's ghost
 10645 | D:8      | Reached skill level 5 in Invocations
 10932 | D:8      | Noticed a two-headed ogre
 10950 | D:8      | Killed a two-headed ogre
 10950 | D:8      | Received a gift from Okawaru
 11816 | D:9      | Found a stormy altar of Qazlal.
 11834 | D:9      | Noticed a two-headed ogre
 11856 | D:9      | Reached **** piety under Okawaru
 11887 | D:9      | Killed a two-headed ogre
 11887 | D:9      | Reached skill level 1 in Shields
 11913 | D:9      | Found a staircase to the Lair.
 11913 | D:9      | Noticed a death yak
 11916 | D:9      | Noticed a death yak
 11939 | D:9      | Killed a death yak
 11939 | D:9      | Reached skill level 5 in Fighting
 12083 | D:9      | Received a gift from Okawaru
 12083 | D:9      | Reached XP level 11. HP: 58/88 MP: 17/17
 12084 | D:9      | Noticed a death yak
 12112 | D:9      | Killed a death yak
 12112 | D:9      | Reached ***** piety under Okawaru
 12695 | D:9      | Found a roughly hewn altar of Beogh.
 12904 | D:10     | Entered Level 10 of the Dungeon
 13335 | D:10     | Received a gift from Okawaru
 13339 | D:10     | Got a steaming centaur barding {god gift}
 13345 | D:10     | Identified the +5 centaur barding "Tunusahy" {rC+ rN+ Int-5} (Okawaru gifted it to you on level 10 of the Dungeon)
 13394 | D:10     | Noticed a two-headed ogre
 13415 | D:10     | Killed a two-headed ogre
 13445 | D:10     | Noticed a wolf spider
 13466 | D:10     | Killed a wolf spider
 14132 | Lair:1   | Entered Level 1 of the Lair of Beasts
 14268 | Lair:1   | Reached skill level 7 in Slings
 14848 | Lair:1   | Reached skill level 8 in Slings
 15305 | Lair:2   | Noticed a seven-headed hydra
 15327 | Lair:2   | Killed a seven-headed hydra
 15327 | Lair:2   | Reached skill level 9 in Slings
 15808 | Lair:2   | Identified a scroll of acquirement
 15867 | Lair:3   | Noticed a catoblepas
 15891 | Lair:3   | Killed a catoblepas
 15912 | Lair:3   | Reached skill level 10 in Slings
 15919 | Lair:3   | Reached XP level 12. HP: 42/101 MP: 18/18
 16469 | Lair:3   | Received a gift from Okawaru
 16473 | Lair:3   | Got a pitted shield {god gift}
 16484 | Lair:3   | Identified the +1 shield of Pantheism {-Cast rC+++ rN+++ Dex-5} (Okawaru gifted it to you on level 3 of the Lair of Beasts)
 16720 | Lair:3   | Reached skill level 11 in Slings
 17101 | Lair:4   | Found a staircase to the Swamp.
 17343 | Lair:4   | Found a hole to the Spider Nest.
 17685 | Lair:4   | Found a dark tunnel.
 18017 | Lair:5   | Reached skill level 5 in Shields
 18637 | Lair:6   | Entered Level 6 of the Lair of Beasts
 18637 | Lair:6   | Noticed a four-headed hydra
 18637 | Lair:6   | Noticed WalesRoam's ghost (journeyman DECj)
 18733 | Lair:6   | Found a labyrinth entrance.
 18800 | Lab      | Entered a labyrinth
 19329 | Lab      | Noticed a minotaur
 19372 | Lab      | Killed a minotaur
 19426 | Lab      | Found the +0 Maxwell's etheric cage {RegenMP+ *Contam rElec MP+4}
 19457 | Lair:6   | Killed WalesRoam's ghost
 19579 | Lair:6   | Received a gift from Okawaru
 19780 | Lair:6   | Reached XP level 13. HP: 108/108 MP: 19/19
 20102 | Lair:6   | Reached ****** piety under Okawaru
 20302 | Lair:6   | Received a gift from Okawaru
 20764 | Lair:6   | Received a gift from Okawaru
 20792 | Lair:6   | Found a staircase to the Slime Pits.
 21033 | Lair:6   | Reached skill level 1 in Armour
 21179 | Lair:6   | Received a gift from Okawaru
 21180 | Lair:6   | Found the +3 sling "Punk" {acid, rCorr}
 22079 | Lair:6   | Reached skill level 5 in Armour
 22144 | Lair:6   | Received a gift from Okawaru
 22188 | Lair:6   | Got a warped quarterstaff {god gift}
 22281 | Lair:6   | Noticed a dire elephant
 22355 | Lair:6   | Killed a dire elephant
 22480 | Lair:6   | Identified the Collected Works on the Mountains and Flight
 22670 | Lair:6   | Learned a level 1 spell: Apportation
 22674 | Lair:6   | Learned a level 3 spell: Confuse
 22676 | Lair:6   | Learned a level 1 spell: Summon Small Mammal
 22678 | Lair:6   | Learned a level 1 spell: Animate Skeleton
 22738 | Lair:6   | Reached XP level 14. HP: 116/116 MP: 20/20
 23303 | Lair:2   | Learned a level 1 spell: Summon Butterflies
 23501 | D:11     | Found Qiohi's Gadget Shop.
 23800 | D:12     | Found a staircase to the Orcish Mines.
 24067 | D:12     | Received a gift from Okawaru
 24807 | Orc:1    | Entered Level 1 of the Orcish Mines
 24819 | Orc:1    | Received a gift from Okawaru
 24981 | D:4      | Bought an uncursed ring of protection from magic for 250 gold pieces
 25474 | Orc:1    | Found Keimeiq's Magic Scroll Shoppe.
 25477 | Orc:1    | Bought a scroll of blinking for 105 gold pieces
 25477 | Orc:1    | Bought a scroll of enchant armour for 105 gold pieces
 25477 | Orc:1    | Bought a scroll of identify for 28 gold pieces
 25477 | Orc:1    | Bought a scroll of identify for 28 gold pieces
 25477 | Orc:1    | Bought a scroll of fog for 28 gold pieces
 25477 | Orc:1    | Bought a scroll of magic mapping for 49 gold pieces
 25511 | Orc:2    | Entered Level 2 of the Orcish Mines
 25585 | Orc:2    | Found a radiant altar of Vehumet.
 25604 | Orc:2    | Received a gift from Okawaru
 26112 | Orc:2    | Found a staircase to the Elven Halls.
 27029 | Orc:2    | Received a gift from Okawaru
 27098 | Orc:2    | Found Goikuonn's Armour Boutique.
 27098 | Orc:2    | Found Azugamug's Antique Armour Shop.
 27099 | Orc:2    | Found Tuyputoi's Weapon Shop.
 27102 | Orc:2    | Found Etuab's Antique Armour Boutique.
 27118 | Orc:2    | Bought 21 stones for 33 gold pieces
 27118 | Orc:2    | Bought 16 stones for 25 gold pieces
 27118 | Orc:2    | Bought 17 stones for 27 gold pieces
 27119 | Orc:2    | Bought a fine helmet for 209 gold pieces
 27129 | Orc:2    | Identified the +1 helmet "Zass" {rElec} (You bought it in a shop on level 2 of the Orcish Mines)
 27131 | Orc:2    | Bought a +4 chain mail of magic resistance for 378 gold pieces
 28162 | D:13     | Noticed Snorg
 28203 | D:13     | Killed Snorg
 28560 | D:13     | Found a gate to the Vaults.
 29450 | D:14     | Received a gift from Okawaru
 29458 | D:14     | Reached skill level 5 in Dodging
 29513 | D:14     | Found Ceympis's Antique Armour Shoppe.
 29605 | D:14     | Found a frozen archway.
 29831 | IceCv    | Entered an ice cave
 29934 | IceCv    | Found the -2 hat of the Alchemist {rElec rPois rF+ rC+ rN+ MR+ rMut rCorr}
 30456 | D:14     | Got an encrusted falchion
 30457 | D:14     | Identified the +6 falchion "Liximal" {vamp, Int+2} (You found it on level 14 of the Dungeon)
 30660 | D:14     | Found a sacrificial altar of Ru.
 30910 | D:15     | Entered Level 15 of the Dungeon
 30925 | D:15     | Received a gift from Okawaru
 31370 | D:15     | Reached XP level 15. HP: 107/123 MP: 21/21
 32043 | D:15     | Got a smoking whip
 32044 | D:15     | Identified the +7 whip of Kismet {protect, *Slow +Blink rC++ Int+4} (You found it on level 15 of the Dungeon)
 32318 | D:15     | Found a staircase to the Depths.
 32318 | D:15     | Noticed a frost giant
 32344 | D:15     | Killed a frost giant
 32434 | D:15     | Received a gift from Okawaru
 32438 | D:15     | Got a pair of spiked gloves {god gift}
 32444 | D:15     | Identified the +0 pair of gloves of Jeagedysk {Int+7 Dex-4} (Okawaru gifted it to you on level 15 of the Dungeon)
 32444 | D:15     | Lost dexterity.
 33181 | Elf:1    | Entered Level 1 of the Elven Halls
 33224 | Elf:1    | Found a radiant altar of Vehumet.
 33632 | Elf:1    | Noticed Roxanne
 33942 | Elf:1    | Found Geubomour's Armour Boutique.
 34640 | Elf:1    | Received a gift from Okawaru
 34740 | Elf:1    | Found Nuovig's Assorted Antiques.
 34761 | Elf:1    | Bought a potion of curing for 111 gold pieces
 34761 | Elf:1    | Bought 2 potions of heal wounds for 370 gold pieces
 34817 | Elf:1    | Reached skill level 12 in Slings
 35202 | Elf:1    | Found Emnuewk's Food Boutique.
 35369 | Elf:1    | Identified Kica's Tome of Companions
 35458 | Elf:1    | Noticed Asterion
 35515 | Elf:1    | Killed Asterion
 35515 | Elf:1    | Received a gift from Okawaru
 35735 | Elf:1    | Received a gift from Okawaru
 35795 | Elf:1    | Reached skill level 13 in Slings
 35987 | Elf:2    | Received a gift from Okawaru
 36112 | Elf:2    | Reached XP level 16. HP: 134/134 MP: 22/22
 36952 | Elf:2    | Reached skill level 14 in Slings
 36970 | Elf:2    | Found a runed door.
 37016 | Elf:2    | Found a runed door.
 38102 | Elf:3    | Entered Level 3 of the Elven Halls
 38246 | Elf:3    | Noticed a deep elf blademaster
 38302 | Elf:2    | Killed a deep elf blademaster
 38302 | Elf:2    | Reached skill level 15 in Slings
 38721 | Elf:2    | Received a gift from Okawaru
 38968 | Elf:3    | Noticed a deep elf master archer
 38980 | Elf:3    | Killed a deep elf master archer
 38980 | Elf:3    | Reached skill level 16 in Slings
 39174 | Elf:3    | Received a gift from Okawaru
 39224 | Elf:3    | Cast into level 3 of the Abyss (a deep elf sorcerer)
 39234 | Elf:3    | Escaped the Abyss
 39501 | Elf:3    | Noticed a deep elf blademaster
 39797 | Elf:3    | Received a gift from Okawaru
 39801 | Elf:3    | Got a smoking centaur barding {god gift}
 39802 | Elf:3    | Identified the +6 centaur barding "Ceahelill" {rPois} (Okawaru gifted it to you on level 3 of the Elven Halls)
 39806 | Elf:3    | Reached skill level 17 in Slings
 39813 | Elf:3    | Got a steaming demon whip {drain}
 40252 | Elf:2    | Killed a deep elf blademaster
 41797 | Elf:2    | Reached skill level 10 in Fighting
 41965 | Elf:2    | Reached XP level 17. HP: 123/140 MP: 14/23
 42544 | Elf:3    | Noticed a deep elf master archer
 42950 | Elf:3    | Received a gift from Okawaru
 43608 | Elf:3    | Killed a deep elf master archer
 43852 | Elf:3    | Identified Buikhlec's Collected Works on the Frigorific Blaze
 43856 | Elf:3    | Identified the +11 demon whip "Liosk" {drain, +Blink} (You took it off a deep elf death mage on level 3 of the Elven Halls)
 43877 | Elf:3    | Learned a level 3 spell: Ozocubu's Armour
 44023 | Elf:3    | Noticed a Brimstone Fiend
 44027 | Elf:3    | HP: 6/146 [Brimstone Fiend/damnation[a deep elf demonologist] (33)]
 44039 | Elf:3    | Reached skill level 1 in Evocations
 45634 | Elf:2    | Got a smoking crystal plate armour {god gift}
 45645 | Elf:2    | Identified the +13 crystal plate armour "Qaoroeno" {rElec rF+ MR-} (Okawaru gifted it to you on level 2 of the Elven Halls)
 46238 | Swamp:1  | Entered Level 1 of the Swamp
 46250 | Swamp:1  | Got a vibrating iron ring
 46251 | Swamp:1  | Identified the ring "Gueczyeh" {Str+7 Int+6 Dex-2 SInv} (You acquired it on level 1 of the Swamp)
 46557 | Swamp:1  | Reached skill level 1 in Necromancy
 46679 | Swamp:1  | Reached skill level 5 in Evocations
 47893 | Swamp:2  | Received a gift from Okawaru
 48276 | Swamp:2  | Received a gift from Okawaru
 48928 | Swamp:3  | Received a gift from Okawaru
 49371 | Swamp:4  | Entered Level 4 of the Swamp
 49681 | Swamp:4  | Received a gift from Okawaru
 49681 | Swamp:4  | Reached XP level 18. HP: 158/158 MP: 24/24
 50936 | Swamp:4  | Received a gift from Okawaru
 50939 | Swamp:4  | Got a pitted falchion {god gift}
 50940 | Swamp:4  | Identified the +5 falchion "Veused" {flame, rF+ rC- Int+2} (Okawaru gifted it to you on level 4 of the Swamp)
 50979 | Swamp:4  | Noticed a bone dragon
 51028 | Swamp:4  | Killed a bone dragon
 51092 | Swamp:4  | Got a decaying rune of Zot
 51324 | Spider:1 | Entered Level 1 of the Spider Nest
 51674 | Spider:1 | Received a gift from Okawaru
 51852 | Spider:1 | Received a gift from Okawaru
 52412 | Spider:1 | Noticed Frances
 52423 | Spider:1 | Killed Frances
 53282 | Spider:2 | Received a gift from Okawaru
 53361 | Spider:2 | Noticed Arachne
 53387 | Spider:2 | Killed Arachne
 53387 | Spider:2 | Reached skill level 18 in Slings
 55350 | Spider:4 | Entered Level 4 of the Spider Nest
 55803 | Spider:4 | Reached skill level 19 in Slings
 55925 | Spider:4 | Reached XP level 19. HP: 108/168 MP: 22/25
 56204 | Spider:4 | Received a gift from Okawaru
 56205 | Spider:4 | Found the +0 pair of fencer's gloves {+Riposte Dex+3}
 56339 | Spider:4 | Reached skill level 15 in Fighting
 57268 | Spider:4 | Got a gossamer rune of Zot
 57648 | Vaults:1 | Entered Level 1 of the Vaults
 58053 | Vaults:1 | Received a gift from Okawaru
 58565 | Vaults:1 | Received a gift from Okawaru
 58982 | Vaults:1 | Found Ziyngif's Distillery.
 59000 | Vaults:1 | Bought a potion of haste for 170 gold pieces
 59000 | Vaults:1 | Bought a potion of curing for 51 gold pieces
 59000 | Vaults:1 | Bought a potion of curing for 51 gold pieces
 59000 | Vaults:1 | Bought a potion of curing for 51 gold pieces
 59000 | Vaults:1 | Bought a potion of flight for 51 gold pieces
 59000 | Vaults:1 | Bought a potion of agility for 68 gold pieces
 59497 | Vaults:2 | Noticed Margery
 59571 | Vaults:2 | Found Lianasule's Antique Weapon Shoppe.
 59671 | Vaults:2 | Received a gift from Okawaru
 59867 | Vaults:2 | Received a gift from Okawaru
 59970 | Vaults:2 | Received a gift from Okawaru
 60174 | Vaults:2 | Found a ruined gateway.
 60178 | Desolati | Entered the Desolation of Salt
 60352 | Desolati | Received a gift from Okawaru
 60355 | Desolati | Got an ancient hunting sling {god gift}
 60356 | Desolati | Reached XP level 20. HP: 188/188 MP: 26/26
 60380 | Desolati | Identified the +3 hunting sling of the Wasp {venom, Fragile rF+ MR++} (Okawaru gifted it to you in the Desolation of Salt)
 60933 | Desolati | Identified the Incunabulum of Dusty Cold
 61026 | Desolati | Received a gift from Okawaru
 61166 | Desolati | Got a smoking copper ring
 61168 | Desolati | Identified the ring "Heawkiw" {Fire rPois Dex+9} (You found it in the Desolation of Salt)
 61174 | Desolati | Got a steaming silver ring
 61178 | Desolati | Identified the ring "Ticreng" {Ice +Fly rPois Str-2 Dex+5} (You found it in the Desolation of Salt)
 61186 | Desolati | Identified the Papyrus of Feathers
 61191 | Desolati | Learned a level 2 spell: Swiftness
 61800 | Desolati | Identified Sif Muna's Papyrus of the Mountains and Darkness
 62112 | Vaults:2 | Received a gift from Okawaru
 62200 | Vaults:2 | Killed Margery
 62807 | Vaults:2 | Received a gift from Okawaru
 62867 | Vaults:2 | Got a polished plate armour
 62878 | Vaults:2 | Identified the +17 plate armour of Lousel {rC+ Int+4 SInv Stlth-} (You found it on level 2 of the Vaults)
 62945 | Vaults:2 | Found a staircase to the Crypt.
 63002 | Vaults:2 | Received a gift from Okawaru
 63430 | Vaults:2 | Learned a level 3 spell: Regeneration
 63453 | Vaults:2 | Received a gift from Okawaru
 63480 | Vaults:2 | Received a gift from Okawaru
 64183 | Vaults:3 | Received a gift from Okawaru
 64313 | Vaults:3 | Received a gift from Okawaru
 64372 | Vaults:3 | Reached XP level 21. HP: 204/204 MP: 27/27
 65626 | Vaults:3 | Found Wibiycla's Weapon Boutique.
 66410 | Vaults:3 | Found a shimmering altar of Xom.
 66710 | Vaults:4 | Noticed Sojobo
 67630 | Vaults:4 | Received a gift from Okawaru
 68198 | Vaults:4 | Received a gift from Okawaru
 68354 | Vaults:4 | Killed Sojobo
 68354 | Vaults:4 | Reached skill level 10 in Shields
 68879 | Vaults:4 | Noticed Donald
 68906 | Vaults:4 | Killed Donald
 69344 | Vaults:4 | Found a shattered altar of Ashenzari.
 69462 | Vaults:5 | Entered Level 5 of the Vaults
 69558 | Vaults:4 | Received a gift from Okawaru
 69582 | Vaults:4 | Got an ancient fustibalus {god gift}
 69583 | Vaults:4 | Identified the +6 fustibalus of the Tiger {flame, +Inv Dex+4 Stlth+} (Okawaru gifted it to you on level 4 of the Vaults)
 69831 | Vaults:5 | Reached XP level 22. HP: 49/217 MP: 28/28
 69868 | Vaults:5 | Noticed an ancient lich
 71379 | Vaults:5 | Received a gift from Okawaru
 72252 | Vaults:5 | Noticed an ancient lich
 72268 | Vaults:5 | Killed an ancient lich
 72460 | Vaults:5 | Reached skill level 20 in Slings
 72608 | Vaults:5 | Received a gift from Okawaru
 72642 | Vaults:5 | Identified the Papyrus of Virous Conjuration
 72694 | Vaults:5 | Received a gift from Okawaru
 73064 | Vaults:5 | Got an encrusted longbow
 73065 | Vaults:5 | Identified the cursed +1 longbow "Omixtaulokh" {freeze, -Tele rPois rF+ Int+4} (You found it on level 5 of the Vaults)
 73476 | Vaults:5 | Reached skill level 21 in Slings
 73791 | Vaults:5 | Received a gift from Okawaru
 74649 | Vaults:5 | Reached XP level 23. HP: 206/225 MP: 29/29
 74747 | Vaults:5 | Found the +3 hat of Pondering {ponderous, MR+ MP+10 Int+5}
 74772 | Vaults:5 | Got a silver rune of Zot
 74819 | Vaults:5 | Got a transparent ivory amulet
 75246 | Lair:2   | Upgraded the game from 0.21.0-37-g46506fa to 0.21.1
 75332 | Slime:1  | Entered Level 1 of the Pits of Slime
 75340 | Slime:1  | Received a gift from Okawaru
 75362 | Slime:1  | Got a distressingly furry crystal plate armour {god gift}
 75516 | Spider:4 | Identified the amulet "Akloech" {Gourm MR+ Dex+3 SInv} (You took it off an orc knight on level 5 of the Vaults)
 75527 | Spider:4 | Identified the +0 crystal plate armour of Entitlement {rC++} (Okawaru gifted it to you on level 1 of the Pits of Slime)
 75856 | Slime:1  | Found a viscous altar of Jiyva.
 75863 | Slime:1  | Noticed Alphaeus's ghost (adept GnMo)
 75954 | Slime:1  | Killed Alphaeus's ghost
 75954 | Slime:1  | Reached skill level 22 in Slings
 76547 | Slime:2  | Gained mutation: You have a pair of small horns on your head. [a shining eye]
 76559 | Slime:2  | Gained mutation: You are weak. (Str -2) [a shining eye]
 78823 | Slime:4  | Reached skill level 23 in Slings
 79765 | Slime:5  | Entered Level 5 of the Pits of Slime
 80526 | Slime:5  | Lost mutation: Your spells are a little harder to cast, but a little more powerful. [a shining eye]
 80529 | Slime:5  | Noticed the Royal Jelly
 81570 | Slime:5  | Found a viscous altar of Jiyva.
 81907 | Slime:5  | Paralysed by a floating eye for 3 turns
 82027 | Slime:5  | Gained mutation: Your body sometimes deteriorates upon taking damage. [a shining eye]
 82102 | Slime:5  | Received a gift from Okawaru
 82117 | Slime:5  | Reached skill level 24 in Slings
 82325 | Slime:5  | HP: 10/224 [acid[the Royal Jelly] (7)]
 84153 | Slime:5  | Demolished by an acid blob

Skill      XL: |  1  2  3  4  5  6  7  8  9 10 11 12 13 14 15 16 17 18 19 20 21 22 23 |
---------------+----------------------------------------------------------------------+-----
Bows           | 6 7 9 10 12 15 16 | 16.7
Slings         | 6 10 11 13 17 19 21 24 | 24.0
Invocations    | 3 8 |  8.3
Fighting       | 5 8 9 10 13 14 18 21 22 | 22.6
Shields        | 2 4 7 9 11 12 | 12.1
Armour         | 6 8 9 |  9.6
Dodging        | 6 9 |  9.3
Evocations     | 6 |  6.0
Necromancy     | 3 |  3.3
Stealth        | |  0.4

Action                   |  1- 3 |  4- 6 |  7- 9 | 10-12 | 13-15 | 16-18 | 19-21 | 22-24 || total
-------------------------+-------+-------+-------+-------+-------+-------+-------+-------++-------
Melee: Short sword       |   127 |    22 |       |       |       |       |       |       ||   149
       Kick              |    17 |    24 |    52 |     6 |       |       |     6 |       ||   105
       Hand axe          |       |    95 |   186 |     8 |       |       |       |       ||   289
       Demon whip        |       |       |       |       |       |       |    23 |       ||    23
 Fire: Shortbow          |    25 |    47 |    67 |       |       |       |       |       ||   139
       Hunting sling     |       |       |    82 |   771 |  2397 |  2012 |   422 |       ||  5684
       Longbow           |       |       |       |       |       |   480 |  1797 |       ||  2277
       Fustibalus        |       |       |       |       |       |       |    88 |  1806 ||  1894
Throw: Stone             |       |       |       |     1 |       |       |       |       ||     1
Invok: Heroism           |       |       |       |       |    11 |    45 |    24 |    27 ||   107
       Finesse           |       |       |       |       |     1 |     7 |     7 |     5 ||    20
Evoke: Wand              |       |       |       |     3 |     1 |       |       |       ||     4
  Use: Scroll            |       |       |    10 |     9 |    18 |    23 |    15 |    18 ||    93
       Potion            |       |       |     3 |       |     1 |     6 |     8 |    16 ||    34
 Stab: Petrified         |       |       |       |     7 |       |       |       |       ||     7
  Eat: Ration            |     1 |       |     1 |     2 |     7 |    11 |     9 |    10 ||    41
       Chunk             |       |     5 |    14 |    16 |    16 |     8 |     6 |     2 ||    67
Armor: Leather armour    |    64 |     7 |       |       |       |       |       |       ||    71
       Scale mail        |       |    71 |    72 |       |       |       |       |       ||   143
       Chain mail        |       |       |    59 |   109 |   259 |   176 |       |       ||   603
       Skin              |       |       |       |       |    14 |       |       |   109 ||   123
       Crystal plate arm |       |       |       |       |       |   571 |   524 |       ||  1095
       Plate armour      |       |       |       |       |       |       |   363 |   186 ||   549
Dodge: Dodged            |    66 |    40 |    68 |    19 |    87 |   157 |   355 |   309 ||  1101
Block: Buckler           |       |       |       |    22 |       |       |       |       ||    22
       Shield            |       |       |       |    27 |   298 |   370 |   100 |   425 ||  1220
